 Dungeon Crawl Stone Soup version 0.24.0-123-gd5b16e6ec5 (webtiles) character file.

Game seed: 4270930528127448817, levelgen mode: deterministic

117168 Amplified the Blocker (level 16, 0/132 HPs)
             Began as a Gnoll Fighter on Jan 30, 2020.
             Was the Champion of Zin.
             Slain by a tentacle (12 damage)
             ... attached to a kraken
             ... on level 2 of the Shoals.
             The game lasted 00:58:13 (28203 turns).

Amplified the Blocker (Gnoll Fighter)              Turns: 28203, Time: 00:58:13

Health: 0/132      AC: 15    Str: 22    XL:     16   Next: 73%
Magic:  30/30      EV: 21    Int: 15    God:    Zin [******]
Gold:   420        SH: 14    Dex: 20    Spells: 15/36 levels left

rFire    + + +     SeeInvis +   E - +7 dagger "Killer Klown's Doom" {elec, rPois Stlth+}
rCold    + . .     Gourm    .   c - +0 shield
rNeg     + . .     Faith    .   v - +1 robe of the Grue {rC+ rN+ Dex+2 SInv} (curse)
rPois    +         Spirit   .   K - +2 hat {MR+}
rElec    .         Reflect  .   I - +0 cloak
rCorr    +         Harm     .   b - +2 pair of gloves
MR       +++..                  F - +0 pair of boots (curse)
Stlth    +++++.....             o - amulet "Neydesaox" {Acrobat rPois rF+}
HPRegen  0.72/turn              a - ring of resist corrosion
MPRegen  0.22/turn              k - ring "Cacoel" {rF++ SInv Stlth-}

@: confusing touch, flying, studying Fire Magic
A: distributed training, fangs 1, horns 1, icy blue scales 1, rugged brown
scales 1, thin skeletal structure 1, clever 1, magic resistance 1, sense
surroundings 1, poison resistance, regeneration 1, wild magic 1, strong nose
a: Recite, Vitalisation, Imprison, Sanctuary, Donate Gold, Renounce Religion


You were on level 2 of the Shoals.
You worshipped Zin.
Zin was exalted by your worship.
You were full.

You visited 7 branches of the dungeon, and saw 30 of its levels.
You also visited: Ossuary.

You collected 3492 gold pieces.
You spent 742 gold pieces at shops.
You donated 2330 gold pieces to Zin.

Inventory:

Hand Weapons
 E - the +7 dagger "Killer Klown's Doom" (weapon) {elec, rPois Stlth+}
   (You took it off a big kobold on level 10 of the Dungeon)

   Occasionally, upon striking a foe, it will discharge some electrical energy
   and cause terrible harm.
   It protects you from poison.
   It makes you more stealthy.
 L - a +4 scimitar of flaming
Missiles
 Q - 4 curare-tipped darts (quivered)
Armour
 b - a +2 pair of gloves (worn)
 c - a +0 shield (worn)
 v - the cursed +1 robe of the Grue (worn) {rC+ rN+ Dex+2 SInv}
   (You bought it in a shop on level 9 of the Dungeon)

   It affects your dexterity (+2).
   It protects you from cold.
   It protects you from negative energy.
   It lets you see invisible.
   It has a curse placed upon it.
 F - a cursed +0 pair of boots (worn)
 H - the +0 leather armour "Cajahy" {rPois rF+ rC+}
   (You found it on level 1 of the Lair of Beasts)

   It protects you from fire.
   It protects you from cold.
   It protects you from poison.
 I - a +0 cloak (worn)
 K - a +2 hat of magic resistance (worn)
Jewellery
 a - a ring of resist corrosion (left hand)
 d - an uncursed ring of protection from cold
 j - an uncursed ring of ice {unknown}
 k - the ring "Cacoel" (right hand) {rF++ SInv Stlth-}
   (You bought it in a shop on level 2 of the Orcish Mines)

   [ring of see invisible]

   It greatly protects you from fire.
   It lets you see invisible.
   It makes you less stealthy.
 n - an uncursed ring of protection from fire
 o - the amulet "Neydesaox" (around neck) {Acrobat rPois rF+}
   (You found it on level 4 of the Dungeon)

   [amulet of the acrobat]

   It helps you evade while moving and waiting.
   It protects you from fire.
   It protects you from poison.
 q - a cursed ring of protection from fire
 t - an uncursed ring of protection from cold
Wands
 V - a wand of enslavement (1)
 W - a wand of digging (3)
Scrolls
 g - 5 scrolls of amnesia
 h - 4 scrolls of magic mapping
 m - 10 scrolls of teleportation
 p - 10 scrolls of remove curse
 w - 8 scrolls of enchant weapon
 C - 3 scrolls of fog
Potions
 e - 2 potions of resistance
 l - 11 potions of curing
 r - a potion of ambrosia
 s - 2 potions of agility
 x - 4 potions of heal wounds
 z - 3 potions of brilliance
 A - a potion of mutation
 B - a potion of might
 N - 5 potions of magic
Books
 O - a manual of Fire Magic
Comestibles
 f - 43 rations


   Skills:
 + Level 12.4 Fighting
 + Level 10.8 Short Blades
 + Level 10.8 Long Blades
 + Level 10.8 Axes
 + Level 10.8 Maces & Flails
 + Level 11.6 Polearms
 + Level 10.8 Staves
 + Level 10.8 Slings
 + Level 10.8 Bows
 + Level 10.8 Crossbows
 + Level 10.8 Throwing
 + Level 12.4 Armour
 + Level 10.8 Dodging
 + Level 10.8 Stealth
 + Level 12.4 Shields
 + Level 10.8 Unarmed Combat
 + Level 10.8 Spellcasting
 + Level 9.2 Conjurations
 + Level 9.2 Hexes
 + Level 9.2 Charms
 + Level 9.2 Summonings
 + Level 9.2 Necromancy
 + Level 9.2 Translocations
 + Level 9.2 Transmutations
 + Level 10.7 Fire Magic
 + Level 9.2 Ice Magic
 + Level 9.2 Air Magic
 + Level 9.2 Earth Magic
 + Level 9.2 Poison Magic
 + Level 11.7 Invocations
 + Level 10.8 Evocations


You had 15 spell levels left.
You knew the following spells:

 Your Spells              Type           Power        Failure   Level  Hunger
a - Poisonous Vapours     Pois/Air       #####.       1%          2    None
b - Ignite Poison         Fire/Tmut/Pois #####...     1%          3    None
c - Confusing Touch       Hex            #####.       1%          1    None
d - Apportation           Tloc           #####.       1%          1    None
e - Spectral Weapon       Hex/Chrm       #####...     1%          3    None
f - Ignition              Fire           ######....   100%        8    #######
g - Ozocubu's Armour      Chrm/Ice       #####...     1%          3    None

Your spell library contained the following spells:

 Spells                   Type           Power        Failure   Level  Hunger
 Animate Skeleton         Necr           N/A          1%          1    None
 Flame Tongue             Conj/Fire      #####        1%          1    None
 Infusion                 Chrm           ####         1%          1    None
 Magic Dart               Conj           ####         1%          1    None
 Sandblast                Erth           #####.       1%          1    None
 Summon Small Mammal      Summ           ####         1%          1    None
 Blink                    Tloc           N/A          1%          2    None
 Call Imp                 Summ           #####...     1%          2    None
 Passwall                 Tmut/Erth      #####...     1%          2    None
 Shroud of Golubria       Chrm/Tloc      #####.       1%          2    None
 Slow                     Hex            #####...     1%          2    None
 Song of Slaying          Chrm           #####...     1%          2    None
 Throw Flame              Conj/Fire      #####.       1%          2    None
 Conjure Flame            Conj/Fire      #####...     1%          3    None
 Inner Flame              Hex/Fire       #####...     1%          3    None
 Mephitic Cloud           Conj/Pois/Air  #####...     1%          3    None
 Regeneration             Chrm/Necr      #####.....   1%          3    None
 Stone Arrow              Conj/Erth      #####.       1%          3    None
 Sticky Flame             Conj/Fire      #####...     3%          4    ###....
 Petrify                  Tmut/Erth      #####...     4%          4    ###....
 Fireball                 Conj/Fire      #####.....   9%          5    #####..
 Excruciating Wounds      Chrm/Necr      #####.....   12%         5    #####..
 Irradiate                Conj/Tmut      #####.....   12%         5    #####..
 Iskenderun's Battlesphe  Conj/Chrm      #####...     12%         5    #####..
 Lee's Rapid Deconstruct  Erth           #####.....   12%         5    #####..
 Bolt of Fire             Conj/Fire      #####.....   38%         6    ######.
 Hydra Form               Tmut           #####.....   47%         6    ######.
 Statue Form              Tmut/Erth      #####....    47%         6    ######.
 Ring of Flames           Chrm/Fire      #####.....   90%         7    #######
 Dragon Form              Tmut           #####.....   96%         7    #######


Dungeon Overview and Level Annotations

Branches:
Dungeon (15/15)            Temple (1/1) D:7            Lair (6/6) D:11
 Shoals (3/4) Lair:2        Snake (2/4) Lair:4        Slime (0/5) Lair:6
    Orc (2/2) D:9             Elf (1/3) Orc:2        Vaults (0/5) D:14
 Depths (0/5) D:15        Ossuary (visited)

Altars:
Ashenzari
Elyvilon
Gozag
Hepliaklqana
Kikubaaqudgha
Makhleb
Nemelex Xobeh
Ru
Sif Muna
Trog
Uskayaw
Vehumet
Xom
Yredelemnul
Zin
The Shining One
Beogh

Shops:
D:9 [   D:12 =   Orc:1 (   Orc:2 =:*(*   Shoals:2 (

Annotations:
Lair:4 Spells rolling and stay safe from Xom
Lair:6 Is Xom to Zin still viable?
Shoals:2 Dagga
Snake:1 Frances


Innate Abilities, Weirdness & Mutations

Your experience applies equally to all skills.
You have very sharp teeth.
Your uncanny sense of smell can sniff out nearby items.
You have a pair of small horns on your head.
You are partially covered in icy blue scales. (AC +2)
You are partially covered in rugged brown scales. (AC +1, +3% HP)
You have a somewhat thin skeletal structure. (Dex +2, Stealth)
Your mind is acute. (Int +2)
You are resistant to hostile enchantments. (MR+)
You passively map a small area around you.
Your system is resistant to poisons. (rPois)
Your natural rate of healing is unusually fast.
Your spells are a little harder to cast, but a little more powerful.


Message History

Okay, then.
Casting: Confusing Touch (safe; 1% risk of failure)
Confirm with . or Enter, or press ? or * to list all spells.
Okay, then.
Unknown command.
Okay, then.
Evoke which item? (* to show all) (? for menu, Esc to quit)
Okay, then.
Quiver which item? (- for none, * to show all) (? for menu, Esc to quit)
Okay, then.
Unknown command.
You feel much better. You block the tentacle's attack. The tentacle slaps you!!
* * * LOW HITPOINT WARNING * * *
The tentacle slaps you!!
* * * LOW HITPOINT WARNING * * *
You block the tentacle's attack.
The kraken squirts a massive cloud of ink into the water!
The tentacle slaps you!
You die...
Xom howls with laughter!

≈..##.# ##[...≈....(().≈≈...≈≈..
≈.....# #.....≈...#.....≈≈.≈≈≈≈.
≈≈....# #....≈..###.....≈≈≈≈≈≈≈≈
≈≈≈...# ##..≈≈..# #......≈≈≈≈≈≈(
≈≈≈≈.## ##.≈≈≈..# #.......≈≈≈≈≈≈
≈≈≈≈..####.......###..)...∩.≈≈≈≈≈
≈≈≈≈.......(.###............≈≈≈≈≈
≈≈≈≈≈...≈≈≈≈.# ##w..........≈≈≈≈≈
≈≈≈≈≈≈≈≈≈≈≈≈.###@w§§≈.......≈≈≈≈≈
≈≈≈≈≈≈≈≈≈≈≈≈≈..#ww§§≈......≈≈≈≈≈≈
≈≈≈≈≈≈≈≈≈≈≈≈≈≈..≈§§§§≈....≈≈≈≈≈≈≈
≈≈≈≈≈≈≈≈≈≈≈≈≈≈≈§§§X§≈≈≈≈≈≈≈≈≈≈≈≈≈
≈≈≈≈m≈≈≈≈≈≈≈≈≈§≈§§§≈≈≈≈≈≈≈≈≈≈≈≈≈≈
≈≈≈≈≈≈≈≈≈≈≈≈≈≈§§≈§§≈≈≈≈≈≈≈≈≈≈
≈≈≈≈≈≈≈≈≈≈≈≈≈≈≈≈≈≈≈≈≈≈≈≈≈ ≈
≈≈≈≈≈≈≈≈≈≈≈≈≈≈≈≈≈≈≈≈≈≈≈≈ ≈ ≈
≈≈≈≈≈≈≈≈≈≈≈≈≈≈≈≈ ≈


You could see a kraken and 4 tentacles.

Vanquished Creatures
  Rupert (Lair:6)
  Gastronok (D:10)
  Polyphemus (Shoals:2)
  A nagaraja (Snake:2)
  The ghost of esran the Fighter, a journeyman TrFi of Okawaru (Orc:1)
  Snorg (D:13)
  2 merfolk javelineers (Shoals:2)
  A merfolk impaler (Shoals:2)
  3 vault guards (D:14)
  3 naga warriors (Snake:1)
  Erica (Lair:1)
  A catoblepas (Lair:6)
  A centaur warrior (D:14)
  3 hydras (Lair:6)
  The ghost of brob1 the Blocker, a novice DDFi of Makhleb (D:10)
  A satyr (Shoals:2)
  An anaconda (Shoals:1)
  2 two-headed ogres
  A deep troll shaman (Lair:6)
  A merfolk aquamancer (Shoals:1)
  8 death yaks
  A tengu warrior (D:14)
  Urug (Lair:4)
  A naga sharpshooter (Snake:1)
  Sonja (Lair:3)
  A shock serpent (Snake:2)
  A deep elf knight (Elf:1)
  3 slime creatures (D:14)
  An unseen horror (D:10)
  4 skeletal warriors (D:14)
  4 sea snakes
  3 wizards (D:14)
  A deep elf mage (Elf:1)
  3 harpies (Shoals:2)
  9 orc knights
  An ugly thing (D:12)
  A mana viper (Snake:1)
  5 necromancers (D:14)
  An orc sorcerer (Orc:1)
  4 cyclopes
  3 oklob plants (Lair:5)
  9 fauns
  A salamander (shapeshifter) (D:13)
  A salamander (Snake:2)
  3 manticores
  12 elephants (Lair:6)
  6 black mambas
  4 naga magi
  2 merfolk sirens (Shoals:2)
  6 spiny frogs
  3 kobold demonologists
  3 gargoyles
  2 rime drakes
  A tengu conjurer (D:14)
  8 komodo dragons
  3 polar bears
  11 merfolk
  3 wind drakes (Shoals:1)
  3 trolls
  3 meliai (D:11)
  A jumping spider (Lair:6)
  20 blink frogs
  A raiju (Lair:5)
  A hornet (Lair:4)
  4 dream sheep (Lair:6)
  10 hippogriffs
  7 snapping turtles
  42 yaks
  2 wyverns
  5 water elementals (Shoals:1)
  2 wraiths (D:14)
  A vampire (D:15)
  A fire elemental (Elf:1)
  17 humans (D:14)
  4 hungry ghosts
  8 vampire mosquitoes
  10 wargs
  An acid dragon (D:14)
  15 nagas
  4 porcupines
  32 water moccasins
  2 ice beasts
  31 orc warriors
  2 sky beasts
  13 ogres
  2 necrophages
  A phantom (D:4)
  17 wolves
  29 centaurs
  12 crocodiles
  7 big kobolds
  20 bullfrogs
  A wyvern zombie (D:14)
  A water moccasin zombie (Ossuary)
  A wyvern skeleton (D:14)
  A water moccasin skeleton (D:4)
  3 scorpions
  19 killer bees
  2 howler monkeys (D:11)
  2 electric eels
  6 crimson imps
  2 bullfrog zombies
  3 centaur zombies
  5 hounds
  16 jellies
  15 orc priests
  4 centaur skeletons
  4 bullfrog skeletons
  An iron imp (D:6)
  17 worker ants
  5 iguanas
  26 orc wizards
  3 big kobold zombies (Ossuary)
  A hound zombie (D:8)
  4 hound skeletons
  A howler monkey zombie (D:11)
  2 mummies (Ossuary)
  3 gnolls (D:7)
  19 adders
  8 oozes
  3 adder skeletons
  4 adder zombies (Ossuary)
  5 worms
  3 dart slugs
  6 leopard geckos
  90 orcs
  A ball python (D:4)
  14 giant cockroaches
  2 gnoll zombies (Ossuary)
  5 goblins
  6 hobgoblins
  32 jackals
  26 kobolds
  4 quokkas
  5 bats
  10 frilled lizards
  A goblin zombie (D:6)
  2 hobgoblin zombies (Ossuary)
  3 kobold skeletons (D:6)
  7 kobold zombies
  A leopard gecko skeleton (D:5)
  A leopard gecko zombie (D:5)
  An orc skeleton (D:6)
  8 orc zombies
  15 rats
  A fungus (Lair:6)
  3 plants
  2 tentacles (Shoals:2)
929 creatures vanquished.

Vanquished Creatures (collateral kills)
  A cyclops (D:11)
  An elephant (Lair:6)
  A merfolk (Shoals:2)
  A wyvern (Lair:5)
  An orc warrior (Orc:1)
  3 big kobolds (D:10)
  An orc wizard (Orc:1)
  An adder (Lair:5)
  2 orcs (Orc:1)
  A kobold (D:10)
13 creatures vanquished.

Vanquished Creatures (others)
  A kobold demonologist (D:10)
  A water moccasin (Lair:3)
  5 big kobolds (D:10)
  A kobold (D:10)
  12 fungi
  3 pillars of salt
  12 plants
  4 spectral weapons
  11 tentacles (Shoals:2)
50 creatures vanquished.

Grand Total: 992 creatures vanquished

Notes
Turn   | Place    | Note
-------+----------+-------------------------------------------
     0 | D:1      | Amplified the Gnoll Fighter began the quest for the Orb.
     0 | D:1      | Reached XP level 1. HP: 23/23 MP: 1/1
     1 | D:1      | Found a runed translucent door.
    64 | D:1      | Reached XP level 2. HP: 29/29 MP: 2/2
    80 | D:1      | Reached XP level 3. HP: 27/35 MP: 3/3
   134 | D:1      | Reached skill level 1 in Invocations
   421 | D:1      | Reached skill level 1 in Short Blades
   421 | D:1      | Reached skill level 1 in Long Blades
   421 | D:1      | Reached skill level 1 in Axes
   421 | D:1      | Reached skill level 1 in Maces & Flails
   421 | D:1      | Reached skill level 1 in Staves
   421 | D:1      | Reached skill level 1 in Slings
   421 | D:1      | Reached skill level 1 in Bows
   421 | D:1      | Reached skill level 1 in Crossbows
   421 | D:1      | Reached skill level 1 in Throwing
   421 | D:1      | Reached skill level 1 in Dodging
   421 | D:1      | Reached skill level 1 in Stealth
   421 | D:1      | Reached skill level 1 in Unarmed Combat
   421 | D:1      | Reached skill level 1 in Spellcasting
   421 | D:1      | Reached skill level 1 in Evocations
   453 | D:1      | Reached XP level 4. HP: 39/41 MP: 5/5
   682 | D:2      | Found a sparkling altar of Nemelex Xobeh.
  1068 | D:2      | Reached skill level 1 in Conjurations
  1068 | D:2      | Reached skill level 1 in Hexes
  1068 | D:2      | Reached skill level 1 in Charms
  1068 | D:2      | Reached skill level 1 in Summonings
  1068 | D:2      | Reached skill level 1 in Necromancy
  1068 | D:2      | Reached skill level 1 in Translocations
  1068 | D:2      | Reached skill level 1 in Transmutations
  1068 | D:2      | Reached skill level 1 in Fire Magic
  1068 | D:2      | Reached skill level 1 in Ice Magic
  1068 | D:2      | Reached skill level 1 in Air Magic
  1068 | D:2      | Reached skill level 1 in Earth Magic
  1068 | D:2      | Reached skill level 1 in Poison Magic
  1611 | D:3      | Reached XP level 5. HP: 47/47 MP: 6/6
  1722 | D:3      | Found a faded altar of an unknown god.
  1758 | D:3      | Became a worshipper of Xom the Fickle
  1949 | D:3      | XOM is BORED!
  1949 | D:3      | XOM: silly message
  2006 | D:3      | XOM: butterfly on damage
  2009 | D:3      | XOM: silly message
  2261 | D:3      | Reached XP level 6. HP: 53/53 MP: 8/8
  2262 | D:3      | XOM: potion effect (might)
  2520 | D:4      | XOM: divination: detect creatures
  2530 | D:4      | Reached skill level 5 in Polearms
  2532 | D:4      | XOM: silly message
  2611 | D:4      | XOM: cloud trail
  2694 | D:4      | Noticed a phantom
  2721 | D:4      | XOM: potion effect (agility)
  2724 | D:4      | XOM: polymorph howler monkey -> centaur
  2744 | D:4      | Reached XP level 7. HP: 37/59 MP: 10/10
  2770 | D:4      | XOM: 2-stop teleportation journey
  2838 | D:4      | Got a sparkling graven amulet
  2839 | D:4      | Identified the amulet "Neydesaox" {Acrobat rPois rF+} (You
                  | found it on level 4 of the Dungeon)
  2934 | D:4      | XOM: 2-stop teleportation journey
  2943 | D:4      | XOM: mild Chrm miscast
  3160 | D:4      | XOM: mild Conj miscast
  3702 | D:4      | XOM: silly message
  3703 | D:4      | Reached XP level 8. HP: 49/67 MP: 12/12
  3898 | D:5      | Entered Level 5 of the Dungeon
  3990 | D:5      | XOM: potion effect (brilliance)
  4160 | D:5      | XOM is BORED!
  4160 | D:5      | XOM: noise
  4174 | D:5      | XOM: divination: detect creatures
  4604 | D:5      | XOM: harmless Chrm miscast
  4685 | D:5      | XOM: mild Fire miscast
  4714 | D:5      | Got a steaming leather armour
  4726 | D:5      | Identified the +1 leather armour "Nusam" {-Cast Str+8 Dex-2
                  | Stlth+} (You found it on level 5 of the Dungeon)
  4805 | D:5      | XOM: confusion (+ monsters)
  4897 | D:6      | Noticed a wyvern
  4899 | D:6      | XOM: divination: detect items
  4911 | D:6      | Killed a wyvern
  4922 | D:6      | Reached XP level 9. HP: 72/72 MP: 14/14
  4970 | D:6      | Found a sand-covered staircase.
  4975 | Ossuary  | Entered an ossuary
  5039 | Ossuary  | XOM: mild Summ miscast
  5304 | D:6      | XOM: potion effect (haste)
  5599 | D:6      | Found a glowing golden altar of the Shining One.
  5775 | D:6      | XOM: divination: detect items
  6100 | D:6      | XOM: divination: magic mapping
  6575 | D:7      | XOM: potion effect (haste)
  6649 | D:7      | XOM is BORED!
  6649 | D:7      | XOM: noise
  6663 | D:7      | Found a staircase to the Ecumenical Temple.
  6671 | D:7      | XOM: noise
  6708 | D:7      | XOM: medium Necr miscast
  6730 | D:7      | XOM: harmless Conj miscast
  6967 | D:7      | XOM: god gift: club {god gift}
  7012 | D:7      | Got a clouded wooden ring
  7135 | D:7      | XOM: potion effect (agility)
  7150 | D:7      | Reached skill level 5 in Invocations
  7227 | D:8      | Noticed a manticore
  7234 | D:8      | Killed a manticore
  7234 | D:8      | Reached XP level 10. HP: 28/80 MP: 15/17
  7573 | D:8      | XOM: noise
  7802 | D:8      | XOM: harmless Summ miscast
  7883 | D:8      | XOM: mild Conj miscast
  7903 | D:8      | Reached skill level 5 in Short Blades
  7903 | D:8      | Reached skill level 5 in Long Blades
  7903 | D:8      | Reached skill level 5 in Axes
  7903 | D:8      | Reached skill level 5 in Maces & Flails
  7903 | D:8      | Reached skill level 5 in Staves
  7903 | D:8      | Reached skill level 5 in Slings
  7903 | D:8      | Reached skill level 5 in Bows
  7903 | D:8      | Reached skill level 5 in Crossbows
  7903 | D:8      | Reached skill level 5 in Throwing
  7903 | D:8      | Reached skill level 5 in Dodging
  7903 | D:8      | Reached skill level 5 in Stealth
  7903 | D:8      | Reached skill level 5 in Unarmed Combat
  7903 | D:8      | Reached skill level 5 in Spellcasting
  7903 | D:8      | Reached skill level 5 in Evocations
  7917 | D:8      | XOM: divination: detect items
  8067 | D:8      | XOM: 1-stop teleportation journey
  8111 | D:8      | Identified the ring of Puusynn {Str+2 Int+2 Stlth+} (You
                  | found it on level 7 of the Dungeon)
  8237 | D:8      | XOM is BORED!
  8284 | D:8      | XOM: scenery: create altars
  8305 | D:8      | XOM: scenery: create altars
  8400 | D:9      | XOM: cloud trail
  8446 | D:8      | XOM: scenery: create altars
  8593 | D:9      | XOM: fog
  8664 | D:9      | XOM: divination: magic mapping
  8790 | D:9      | XOM: god gift: 520 gold pieces
  8863 | D:9      | Found Guuh Bea's Antique Armour Boutique.
  8871 | D:9      | Bought a runed ring mail for 161 gold pieces
  8952 | D:9      | Found a staircase to the Orcish Mines.
  8976 | D:9      | XOM: summons 3 hostile shadow creatures
  9119 | D:9      | XOM: scenery: create altars
  9213 | D:10     | Entered Level 10 of the Dungeon
  9216 | D:10     | XOM: enchant monster (good)
  9223 | D:9      | XOM: give mutation
  9223 | D:9      | Gained mutation: You are surrounded by a mild repulsion
                  | field. (EV +2) [Xom's grace]
  9438 | D:10     | Noticed Gastronok
  9444 | D:10     | Killed Gastronok
  9444 | D:10     | Reached XP level 11. HP: 81/87 MP: 17/19
  9558 | D:10     | XOM: scenery: create altars
  9782 | D:10     | XOM: confuse monster(s)
  9800 | D:10     | Reached skill level 5 in Conjurations
  9800 | D:10     | Reached skill level 5 in Hexes
  9800 | D:10     | Reached skill level 5 in Charms
  9800 | D:10     | Reached skill level 5 in Summonings
  9800 | D:10     | Reached skill level 5 in Necromancy
  9800 | D:10     | Reached skill level 5 in Translocations
  9800 | D:10     | Reached skill level 5 in Transmutations
  9800 | D:10     | Reached skill level 5 in Fire Magic
  9800 | D:10     | Reached skill level 5 in Ice Magic
  9800 | D:10     | Reached skill level 5 in Air Magic
  9800 | D:10     | Reached skill level 5 in Earth Magic
  9800 | D:10     | Reached skill level 5 in Poison Magic
  9983 | D:10     | Noticed Erolcha
  9996 | D:10     | Noticed Erolcha
  9996 | D:10     | Erolcha changed into Erolcha the warg
  9996 | D:10     | XOM: polymorph Erolcha -> Erolcha the warg
 10003 | D:10     | Killed Erolcha the warg
 10020 | D:10     | XOM: harmless Conj miscast
 10065 | D:10     | Killed an unseen horror
 10140 | D:10     | Found a runed translucent gate.
 10140 | D:10     | Found a runed translucent gate.
 10140 | D:10     | Found a runed translucent gate.
 10141 | D:10     | Identified the +7 dagger "Killer Klown's Doom" {elec, rPois
                  | Stlth+}
 10142 | D:10     | Noticed brob1's ghost (novice DDFi)
 10153 | D:10     | XOM: destruction
 10182 | D:10     | XOM: divination: detect creatures
 10185 | D:10     | XOM: enchant monster (good)
 10413 | D:10     | XOM: divination: magic mapping
 10417 | D:10     | XOM: harmless Tmut miscast
 10720 | D:11     | Noticed a cyclops
 10721 | D:11     | XOM: polymorph bullfrog -> killer bee
 10753 | D:10     | XOM: silly message
 10764 | D:10     | XOM: confuse monster(s)
 10826 | D:10     | Killed brob1's ghost
 10918 | D:10     | XOM: mild Chrm miscast
 10924 | D:10     | XOM: divination: magic mapping
 10930 | D:11     | XOM: potion effect (brilliance)
 11080 | D:11     | XOM: harmless Chrm miscast
 11093 | D:11     | XOM: potion effect (curing)
 11125 | D:11     | XOM: potion effect (brilliance)
 11156 | D:11     | XOM: potion effect (heal wounds)
 11160 | D:11     | Reached XP level 12. HP: 49/96 MP: 22/22
 11241 | D:11     | XOM: potion effect (curing)
 11292 | D:11     | XOM: harmless Chrm miscast
 11295 | D:11     | XOM: enchant monster (good)
 11324 | D:11     | XOM: enchant monster (bad)
 11437 | D:11     | Found a staircase to the Lair.
 11444 | D:11     | Found a shimmering altar of Xom.
 11676 | D:11     | XOM: summons 8 friendly demons
 11839 | Orc:1    | Entered Level 1 of the Orcish Mines
 11863 | D:9      | XOM: noise
 12006 | Orc:1    | Found a runed translucent gate.
 12006 | Orc:1    | Found a runed translucent gate.
 12006 | Orc:1    | Found a runed translucent gate.
 12157 | Orc:1    | XOM: scenery: create altars
 12239 | Orc:1    | Found Lysaoces's Weapon Boutique.
 12244 | Orc:1    | Found an opulent altar of Gozag.
 12282 | Orc:1    | XOM: cast spell 'Summon Ice Beast'
 12293 | Orc:1    | XOM: fake destruction
 12516 | Orc:1    | Noticed esran's ghost (journeyman TrFi)
 12672 | Orc:1    | Killed esran's ghost
 12733 | Orc:2    | Entered Level 2 of the Orcish Mines
 12782 | D:10     | XOM: noise
 12869 | Lair:1   | Entered Level 1 of the Lair of Beasts
 12965 | Lair:1   | XOM: confuse monster(s)
 13056 | D:9      | Bought a smoking robe for 131 gold pieces
 13107 | Lair:1   | Identified the cursed +1 robe of the Grue {rC+ rN+ Dex+2
                  | SInv} (You bought it in a shop on level 9 of the Dungeon)
 13312 | Lair:1   | Got a heavily runed leather armour
 13313 | Lair:1   | Identified the +0 leather armour "Cajahy" {rPois rF+ rC+}
                  | (You found it on level 1 of the Lair of Beasts)
 13399 | Lair:1   | Noticed Erica
 13419 | Lair:1   | Killed Erica
 13673 | Lair:1   | Identified a scroll of acquirement
 13674 | Lair:1   | Found the +6 Majin-Bo {vamp, Archmagi MP+6 Int+6}
 13776 | Lair:1   | XOM: divination: detect items
 13815 | Lair:2   | You fall into a shaft and drop 2 floors!
 13845 | Lair:4   | XOM: cleaving
 13854 | Lair:4   | Reached skill level 10 in Fighting
 13854 | Lair:4   | Reached skill level 10 in Armour
 13854 | Lair:4   | Reached skill level 10 in Shields
 13859 | Lair:4   | XOM: cleaving
 13974 | Lair:4   | XOM: polymorph yak -> hornet
 14131 | Lair:4   | Noticed Urug
 14142 | Lair:4   | Killed Urug
 14142 | Lair:4   | Reached XP level 13. HP: 83/103 MP: 24/24
 14279 | Lair:4   | Lost mutation: You are surrounded by a mild repulsion
                  | field. (EV +2) [potion of mutation]
 14279 | Lair:4   | Gained mutation: You passively map a small area around you.
                  | [potion of mutation]
 14279 | Lair:4   | Gained mutation: You are resistant to hostile enchantments.
                  | (MR+) [potion of mutation]
 14310 | Lair:4   | Found a staircase to the Snake Pit.
 14473 | Lair:4   | XOM: swap monsters
 14642 | Lair:4   | Noticed an ice dragon
 14760 | Lair:5   | XOM: god gift: twisted glowing staff {god gift}
 14782 | Lair:5   | XOM: cast spell 'Summon Ice Beast'
 14792 | Lair:5   | XOM: god gift: scroll of teleportation
 15123 | Lair:5   | XOM: polymorph spiny frog -> raiju
 15130 | Lair:5   | XOM: summons friendly ufetubus
 15131 | Lair:5   | XOM: fog
 15133 | Lair:5   | XOM: 1-stop teleportation journey
 15158 | Lair:5   | XOM: summons friendly crimson imp
 15165 | Lair:5   | XOM: confusion (+ monsters)
 15432 | Lair:5   | XOM: blink monster(s)
 15504 | Lair:5   | XOM: potion effect (invisibility)
 15524 | Lair:5   | XOM: potion effect (curing)
 15529 | Lair:5   | XOM: potion effect (haste)
 15616 | Lair:5   | XOM: harmless Air miscast
 15859 | Lair:6   | Entered Level 6 of the Lair of Beasts
 15870 | Lair:6   | XOM: potion effect (heal wounds)
 15874 | Lair:6   | Found a staircase to the Slime Pits.
 15971 | Lair:6   | XOM: confuse monster(s)
 16059 | Lair:6   | XOM: enchant monster (bad)
 16074 | Lair:6   | XOM: scenery: create altars
 16115 | Lair:6   | XOM: polymorph elephant -> jumping spider
 16117 | Lair:6   | XOM: enchant monster (good)
 16122 | Lair:6   | XOM: scenery: 1 doors open
 16152 | Lair:6   | XOM: 2-stop teleportation journey
 16214 | Lair:6   | XOM: 3-stop teleportation journey
 16272 | Lair:6   | XOM: cast spell 'Cause Fear'
 16274 | Lair:6   | XOM: scenery: create altars
 16334 | Lair:6   | XOM: noise
 16493 | Lair:6   | XOM: confuse monster(s)
 16919 | Lair:6   | Noticed Rupert
 16936 | Lair:6   | XOM: enchant monster (bad)
 16958 | Lair:6   | Paralysed by Rupert for 5 turns
 16973 | Lair:6   | Reached XP level 14. HP: 52/111 MP: 26/26
 17119 | Lair:6   | XOM: cast spell 'Disjunction'
 17124 | Lair:6   | Identified the Volume of a Thousand Dreams (You acquired it
                  | on level 6 of the Lair of Beasts)
 17129 | Lair:6   | Learned a level 2 spell: Poisonous Vapours
 17142 | Lair:6   | Learned a level 3 spell: Ignite Poison
 17170 | Lair:6   | XOM: blink monster(s)
 17196 | Lair:6   | XOM: enchant monster (bad)
 17200 | Lair:6   | XOM: cast spell 'Summon Ice Beast'
 17201 | Lair:6   | XOM: cast spell 'Summon Butterflies'
 17202 | Lair:6   | XOM: harmless Hex miscast
 17355 | Lair:6   | XOM: blink monster(s)
 17698 | Lair:6   | XOM: mild Fire miscast
 17832 | Lair:6   | XOM: cloud trail
 17870 | Lair:6   | XOM: summons friendly iron imp
 17875 | Lair:6   | Reached skill level 10 in Polearms
 18061 | Lair:6   | XOM: summons friendly white imp
 18357 | Lair:6   | XOM: divination: magic mapping
 18374 | Lair:6   | Killed Rupert
 18413 | Lair:6   | XOM: give mutations
 18413 | Lair:6   | Gained mutation: Your mind is acute. (Int +2) [Xom's grace]
 18413 | Lair:6   | Gained mutation: You have a pair of small horns on your
                  | head. [Xom's grace]
 18514 | Lair:6   | XOM: give mutation
 18514 | Lair:6   | Gained mutation: Your natural rate of healing is unusually
                  | fast. [Xom's grace]
 18567 | Lair:6   | XOM: cloud trail
 18575 | Lair:6   | XOM: give mutations
 18575 | Lair:6   | Gained mutation: You are partially covered in rugged brown
                  | scales. (AC +1, +3% HP) [Xom's grace]
 18575 | Lair:6   | Gained mutation: You have a somewhat thin skeletal
                  | structure. (Dex +2, Stealth) [Xom's grace]
 18575 | Lair:6   | Gained mutation: You are partially covered in icy blue
                  | scales. (AC +2) [Xom's grace]
 18575 | Lair:6   | Gained mutation: Your spells are a little harder to cast,
                  | but a little more powerful. [Xom's grace]
 18636 | Lair:3   | Reached skill level 10 in Invocations
 18639 | Lair:3   | XOM: enchant monster (good)
 18718 | Lair:3   | XOM: give mutation
 18718 | Lair:3   | Gained mutation: Your system is resistant to poisons.
                  | (rPois) [Xom's grace]
 18811 | Lair:3   | Noticed Sonja
 18826 | Lair:3   | Killed Sonja
 18972 | Lair:3   | XOM: scenery: create altars
 18974 | Lair:3   | XOM: summons 1 hostile demon
 18979 | Lair:3   | XOM: swap monsters
 18985 | Lair:3   | XOM: blink monster(s)
 18999 | Lair:3   | XOM: fog
 19149 | Lair:3   | XOM: torment (65/116 hp)
 19465 | Lair:3   | XOM: medium Necr miscast
 19507 | Lair:2   | XOM: medium Chrm miscast
 19534 | Lair:2   | XOM: draining
 19722 | Temple   | Entered the Ecumenical Temple
 19744 | Temple   | Fell from the grace of Xom
 19744 | Temple   | Became a worshipper of Zin the Law-Giver
 19744 | Temple   | Reached * piety under Zin
 19744 | Temple   | Reached ** piety under Zin
 19745 | Temple   | Donated 941 gold pieces to Zin
 19746 | Temple   | Donated 471 gold pieces to Zin
 19747 | Temple   | Donated 235 gold pieces to Zin
 19748 | Temple   | Donated 118 gold pieces to Zin
 19777 | D:7      | Reached *** piety under Zin
 19874 | Orc:1    | Reached **** piety under Zin
 19997 | Orc:2    | Reached ***** piety under Zin
 20011 | Orc:2    | Found a staircase to the Elven Halls.
 20039 | Orc:2    | Donated 125 gold pieces to Zin
 20124 | Orc:2    | Learned a level 1 spell: Confusing Touch
 20322 | Orc:2    | Found Jiexut's General Store.
 20444 | Orc:2    | Donated 201 gold pieces to Zin
 20510 | Orc:2    | Reached ****** piety under Zin
 20586 | Orc:2    | Found Fyumol's Weapon Shop.
 20586 | Orc:2    | Found Bairay's Assorted Antiques.
 20624 | Orc:2    | Reached XP level 15. HP: 113/122 MP: 28/28
 20640 | Orc:2    | Bought a warped ivory ring for 150 gold pieces
 20640 | Orc:2    | Identified the ring "Cacoel" {rF++ SInv Stlth-} (You bought
                  | it in a shop on level 2 of the Orcish Mines)
 20709 | Orc:2    | Found a roughly hewn altar of Beogh.
 20775 | Orc:2    | XOM: mild Tmut miscast
 20782 | Orc:2    | Found Ajerurgh's Jewellery Emporium.
 20782 | Orc:2    | Found Hekisin's Book Shop.
 21073 | D:12     | Found a sacrificial altar of Ru.
 21160 | D:12     | XOM: 1-stop teleportation journey
 21189 | D:12     | Found Omeaw's Jewellery Shoppe.
 21504 | D:13     | Noticed Snorg
 21510 | D:13     | Killed Snorg
 22775 | D:14     | Reached skill level 10 in Short Blades
 22775 | D:14     | Reached skill level 10 in Long Blades
 22775 | D:14     | Reached skill level 10 in Axes
 22775 | D:14     | Reached skill level 10 in Maces & Flails
 22775 | D:14     | Reached skill level 10 in Staves
 22775 | D:14     | Reached skill level 10 in Slings
 22775 | D:14     | Reached skill level 10 in Bows
 22775 | D:14     | Reached skill level 10 in Crossbows
 22775 | D:14     | Reached skill level 10 in Throwing
 22775 | D:14     | Reached skill level 10 in Dodging
 22775 | D:14     | Reached skill level 10 in Stealth
 22775 | D:14     | Reached skill level 10 in Unarmed Combat
 22775 | D:14     | Reached skill level 10 in Spellcasting
 22775 | D:14     | Reached skill level 10 in Evocations
 22811 | D:14     | Found the +5 robe of Misfortune {*Contam Harm *Corrode
                  | *Drain *Slow EV+5}
 23110 | D:14     | Found a gate to the Vaults.
 23222 | D:15     | XOM: noise
 23222 | D:15     | Entered Level 15 of the Dungeon
 23266 | D:15     | Found a staircase to the Depths.
 23515 | D:12     | Bought an uncursed ring of resist corrosion for 300 gold
                  | pieces
 23653 | Elf:1    | Entered Level 1 of the Elven Halls
 23820 | Orc:1    | XOM: draining
 23839 | Orc:1    | Found a burning altar of Makhleb.
 24137 | Lair:2   | XOM: give mutations
 24332 | Lair:2   | Found a staircase to the Shoals.
 24812 | Snake:1  | Entered Level 1 of the Snake Pit
 24965 | Lair:4   | Learned a level 1 spell: Apportation
 24969 | Lair:4   | Learned a level 3 spell: Spectral Weapon
 24978 | Lair:4   | Learned a level 8 spell: Ignition
 24982 | Lair:4   | Learned a level 3 spell: Ozocubu's Armour
 24989 | Snake:1  | XOM: 10-stop teleportation journey
 25082 | Snake:1  | Identified the cursed +0 chain mail of Dim Light {Int+5}
                  | (You found it on level 1 of the Snake Pit)
 25093 | Snake:1  | Reached XP level 16. HP: 118/130 MP: 28/30
 25180 | Snake:1  | You fall into a shaft and drop 1 floor!
 25207 | Snake:2  | Reached skill level 10 in Fire Magic
 25355 | Snake:2  | Noticed a nagaraja
 25375 | Snake:2  | Killed a nagaraja
 25479 | Snake:2  | XOM: severe Conj miscast
 25540 | Snake:2  | XOM: give mutations
 25834 | Snake:1  | Noticed Frances
 25848 | Snake:1  | XOM: give mutations
 25984 | Shoals:1 | Entered Level 1 of the Shoals
 26011 | Shoals:1 | XOM: medium Necr miscast
 26028 | Shoals:1 | XOM: polymorph water nymph -> anaconda
 26120 | Shoals:1 | XOM: summons 7 hostile demons
 26432 | Shoals:1 | XOM: give mutations
 27055 | Shoals:2 | Found Zaxyelig's Weapon Boutique.
 27294 | Shoals:2 | XOM: blink monster(s)
 27568 | Shoals:2 | Noticed a kraken
 27617 | Shoals:3 | Noticed Polyphemus
 27622 | Shoals:2 | Killed Polyphemus
 27806 | Shoals:2 | XOM: mild Hex miscast
 27996 | Shoals:2 | XOM: give mutation
 28203 | Shoals:2 | Slain by a tentacle

Levels and vault maps discovered:
D:1:      dpeg_arrival_caged_fury, layout_basic, kennysheep_boxes
D:2:      minmay_wonky_spiral, layout_loops_corners,
          nemelex_xobeh_ov_fountains_minmay, first_ration
D:3:      layout_loops_corners, chequers_ecumenical_altar_island,
          grunt_decor_cap
D:4:      layout_layer_cave
D:5:      layout_basic, chequers_arboretum, minmay_strange_pillars
D:6:      layout_layer_cave, enter_ossuary_1, nicolae_tso_besieged_by_evil
D:7:      layout_gridville, minmay_temple_entry_enclosed_plants
D:8:      layout_loops_ring
D:9:      layout_roguey, orc_0_dummy, serial_shops, shop_fountains
D:10:     layout_cave_pods, gammafunk_ghost_nasty_kobolds, hangedman_fish_farm,
          uniq_gastronok, uniq_erolcha
D:11:     layout_cave_pools, dpeg_oklobed_lair, basic_altar
D:12:     layout_rooms, serial_aquarium, aquarium_bridge_straight
          [aquarium_subvault_bridge, aquarium_subvault_window,
          aquarium_subvault_bridge, aquarium_subvault_window],
          aquarium_window_1, aquarium_window_corner, aquarium_view_2e,
          aquarium_pool_side, serial_shops, nicolae_shop_trees, basic_altar
D:13:     layout_irregular_city, hangedman_abyss_or_decor_jellyfish_corner,
          lemuel_nasty_fountain, uniq_snorg
D:14:     layout_rooms, grunt_vaults_entry_tiered
D:15:     gammafunk_depths_entry_grave, layout_cross, hangedman_decor_slide_cut,
          nicolae_trove_entry_crossroad
Temple:   grunt_wide_crystal_templ
Lair:1:   layout_gridlike, grunt_forest_stairs_basic, grunt_megastairs_1,
          lemuel_fruit_tree, lemuel_fruit_fields, uniq_erica
Lair:2:   layout_chaotic_city, minmay_shoals_entry_hut
Lair:3:   layout_regular_city, uniq_sonja
Lair:4:   layout_long_grid, minmay_snake_entry_guardpost_small,
          bobbens_ice_dragon_lair, uniq_urug
Lair:5:   lemuel_reptile_caves, layout_small_grid, minmay_lair_oklob_chamber
Lair:6:   grunt_lair_end_beastmaster, layout_regular_city,
          minmay_slime_entry_jelly_boxes, uniq_rupert
Shoals:1: layout_shoals
Shoals:2: layout_shoals, serial_shops, shop
Shoals:3: layout_shoals, uniq_polyphemus, uniq_ilsuiw
Snake:1:  layout_onion, uniq_frances
Snake:2:  layout_layer_cave, eino_curves_01, drop_trap
Orc:1:    layout_diamond_mine, ebering_ghost_gozag, serial_shops, shop,
          basic_altar, nicolae_orc_rich_vein
Orc:2:    st_orc_town, layout_diamond_mine, serial_shops, shop_statue
Elf:1:    layout_gridlike, serial_shops, nicolae_shop_stone,
          nicolae_shop_statue_plus, minmay_elf_sorcery,
          nicolae_elf_big_sculpture_1, st_stairs_8, lemuel_statue_altar

Skill      XL: |  1  2  3  4  5  6  7  8  9 10 11 12 13 14 15 16 |
---------------+-------------------------------------------------+-----
Invocations    | 1 2 3 4 5 6 7 8 9 10 11 | 11.7
Short Blades   | 1 2 3 4 5 6 7 8 9 10 | 10.8
Long Blades    | 1 2 3 4 5 6 7 8 9 10 | 10.8
Axes           | 1 2 3 4 5 6 7 8 9 10 | 10.8
Maces & Flails | 1 2 3 4 5 6 7 8 9 10 | 10.8
Staves         | 1 2 3 4 5 6 7 8 9 10 | 10.8
Slings         | 1 2 3 4 5 6 7 8 9 10 | 10.8
Bows           | 1 2 3 4 5 6 7 8 9 10 | 10.8
Crossbows      | 1 2 3 4 5 6 7 8 9 10 | 10.8
Throwing       | 1 2 3 4 5 6 7 8 9 10 | 10.8
Dodging        | 1 2 3 4 5 6 7 8 9 10 | 10.8
Stealth        | 1 2 3 4 5 6 7 8 9 10 | 10.8
Unarmed Combat | 1 2 3 4 5 6 7 8 9 10 | 10.8
Spellcasting   | 1 2 3 4 5 6 7 8 9 10 | 10.8
Evocations     | 1 2 3 4 5 6 7 8 9 10 | 10.8
Conjurations   | 1 2 3 4 5 6 7 8 9 |  9.2
Hexes          | 1 2 3 4 5 6 7 8 9 |  9.2
Charms         | 1 2 3 4 5 6 7 8 9 |  9.2
Summonings     | 1 2 3 4 5 6 7 8 9 |  9.2
Necromancy     | 1 2 3 4 5 6 7 8 9 |  9.2
Translocations | 1 2 3 4 5 6 7 8 9 |  9.2
Transmutations | 1 2 3 4 5 6 7 8 9 |  9.2
Fire Magic     | 1 2 3 4 5 6 7 8 9 10 | 10.7
Ice Magic      | 1 2 3 4 5 6 7 8 9 |  9.2
Air Magic      | 1 2 3 4 5 6 7 8 9 |  9.2
Earth Magic    | 1 2 3 4 5 6 7 8 9 |  9.2
Poison Magic   | 1 2 3 4 5 6 7 8 9 |  9.2
Polearms       | 5 6 7 8 9 10 11 | 11.6
Fighting       | 7 8 9 10 11 12 | 12.4
Armour         | 7 8 9 10 11 12 | 12.4
Shields        | 7 8 9 10 11 12 | 12.4

Action                   |  1- 3 |  4- 6 |  7- 9 | 10-12 | 13-15 | 16-18 || total
-------------------------+-------+-------+-------+-------+-------+-------++-------
Melee: Trident           |    84 |   203 |   564 |   976 |       |       ||  1827
       Bite              |     7 |    23 |    93 |   159 |   305 |    68 ||   655
       Dagger            |       |       |       |   161 |  1585 |   438 ||  2184
       Headbutt          |       |       |       |       |   282 |   159 ||   441
Throw: Throwing net      |       |       |       |     3 |       |     1 ||     4
       Dart              |       |       |       |       |     7 |     3 ||    10
 Cast: Poisonous Vapours |       |       |       |       |    47 |     1 ||    48
       Ignite Poison     |       |       |       |       |    14 |     1 ||    15
       Spectral Weapon   |       |       |       |       |     1 |    12 ||    13
       Ozocubu's Armour  |       |       |       |       |     1 |     3 ||     4
       Confusing Touch   |       |       |       |       |       |    35 ||    35
Invok: Donate Gold       |       |       |       |       |     6 |       ||     6
       Recite            |       |       |       |       |    25 |     7 ||    32
       Vitalisation      |       |       |       |       |     2 |       ||     2
Evoke: Wand              |       |     4 |     7 |    21 |    45 |    11 ||    88
  Use: Potion            |     1 |     1 |     6 |     3 |    12 |     6 ||    29
       Scroll            |     2 |     8 |     9 |     9 |    23 |     6 ||    57
 Stab: Petrified         |       |     4 |       |       |     1 |       ||     5
       Sleeping          |       |       |     2 |    15 |    47 |    10 ||    74
       Distracted        |       |       |     1 |     4 |    11 |     1 ||    17
       Held in net/web   |       |       |       |     3 |       |     2 ||     5
       Confused          |       |       |       |     2 |    15 |    34 ||    51
       Invisible         |       |       |       |       |     8 |       ||     8
       Paralysed         |       |       |       |       |    15 |       ||    15
  Eat: Chunk             |       |     6 |    15 |    10 |    12 |     4 ||    47
       Ration            |       |       |       |     5 |     7 |     3 ||    15
Armor: Scale mail        |    20 |    40 |   135 |    74 |       |       ||   269
       Ring mail         |       |       |       |   127 |       |       ||   127
       Robe              |       |       |       |     3 |   111 |    55 ||   169
Dodge: Dodged            |    12 |    44 |   161 |   471 |   616 |   227 ||  1531
Block: Shield            |    33 |    79 |   259 |   605 |   677 |   233 ||  1886
